 Dungeon Crawl Stone Soup version 0.21-a0-538-gd16b88a (webtiles) character file.

65 KristoblXynda the Slasher (level 3, -9/29 HPs)
             Began as a Draconian Gladiator on Dec 16, 2017.
             Mangled by a worm (11 damage)
             ... on level 2 of the Dungeon.
             The game lasted 00:02:22 (1057 turns).

KristoblXynda the Slasher (Draconian Gladiator)     Turns: 1057, Time: 00:02:22

Health: -9/29      AC:  6    Str: 16    XL:     3   Next: 92%
Magic:  3/3        EV: 13    Int:  9    God:
Gold:   33         SH:  0    Dex: 12    Spells: 2/2 levels left

rFire    . . .     SeeInvis .   a - +0 long sword
rCold    . . .     Gourm    .   (no shield)
rNeg     . . .     Faith    .   (armour unavailable)
rPois    .         Spirit   .   b - +0 hat
rElec    .         Reflect  .   n - +0 cloak
rCorr    .         Harm     .   (no gloves)
MR       .....                  (no boots)
Stlth    +.........             (no amulet)
HPRegen  0.09/turn              (no ring)
MPRegen  0.08/turn              (no ring)

@: no status effects
A: unfitting armour, cold-blooded, AC +5
a: no special abilities


You were on level 2 of the Dungeon.
You were hungry.

You visited 1 branch of the dungeon, and saw 2 of its levels.

You collected 33 gold pieces.

Inventory:

Hand Weapons
 a - a +0 long sword (weapon)
Missiles
 c - 3 throwing nets (quivered)
Armour
 b - a +0 hat (worn)
 n - a +0 cloak (worn)
Scrolls
 e - 2 scrolls of remove curse
 h - a scroll of random uselessness {unknown}
 k - a scroll of amnesia {unknown}
Potions
 i - a potion of heal wounds {unknown}
 j - a potion of magic
Comestibles
 d - 2 bread rations
 f - a royal jelly
 m - 3 fruits


   Skills:
 - Level 2.1 Fighting
 + Level 3.6 Long Blades
 + Level 2.6 Throwing
 + Level 3.3 Dodging


You had 2 spell levels left.
You didn't know any spells.

Dungeon Overview and Level Annotations

Branches:
Dungeon (2/15)

Altars:
Uskayaw


Innate Abilities, Weirdness & Mutations

Your plain brown scales are hard. (AC +5)
You cannot fit into any form of body armour.
You are cold-blooded and may be slowed by cold attacks.


Message History

You are feeling hungry.
You start resting.
A worm is nearby!
You start resting.
You slash the worm! You tail-slap the worm.
The worm is heavily wounded.
You hit the worm.
The worm is almost dead.
The worm bites you.
You barely miss the worm.
The worm is severely wounded.
The worm completely misses you.
You hit the worm.
The worm is severely wounded.
The worm bites you!
* * * LOW HITPOINT WARNING * * *
You hit the worm.
The worm is severely wounded.
The worm bites you!
You die...

#.####.#..######.########.....
.#..####.#..######......##......
................................
...####..#..########............
#.##..###).....###....####
#.##..##..###### ####...##
#.##...#.## ###..#
#.##.#...##### ##..
#.##.##.w@...## ###
..##.##.####!.# ##### # #.##.#
##.# #...# # #.#..# #.####..(# #
# #.#.## #....#...# # #...##w#.#
####.#...# # #.......# #.#...# #
#......### #...[.# # #...#.#.#
#..#### #


You could see a worm.

Vanquished Creatures
  2 adders (D:2)
  2 worms (D:2)
  A dart slug (D:1)
  2 leopard geckos
  2 ball pythons (D:1)
  7 bats
  4 goblins
  7 hobgoblins
  A frilled lizard (D:1)
  4 kobolds
  3 rats
35 creatures vanquished.

Notes
Turn   | Place    | Note
-------+----------+-------------------------------------------
     0 | D:1      | KristoblXynda the Draconian Gladiator began the quest for the Orb.
     0 | D:1      | Reached XP level 1. HP: 17/17 MP: 1/1
    81 | D:1      | Reached XP level 2. HP: 19/24 MP: 2/2
   557 | D:1      | Reached XP level 3. HP: 29/29 MP: 3/3
   845 | D:2      | Found a hide-covered altar of Uskayaw.
  1050 | D:2      | HP: 1/29 [worm (8)]
  1057 | D:2      | Mangled by a worm

Vault maps used:
D:1:      dpeg_arrival_oval, serial_forest, infiniplex_forest_fountain,
          infiniplex_forest_clump_tiny, infiniplex_forest_side_room,
          infiniplex_forest_clump_curved, infiniplex_forest_lined_3,
          infiniplex_forest_clump_medium
D:2:      eat_drink_and_be_merry_uskayaw

Skill      XL: |  1  2 |
---------------+-------+-----
Throwing       | 2 |  2.6
Dodging        | 3 |  3.3
Fighting       | |  2.1
Long Blades    | |  3.6

Action                   || total
-------------------------++-------
Melee: Long sword        ||    67
       Tailslap          ||    11
  Use: Scroll            ||     3
 Stab: Sleeping          ||     3
Armor: Skin              ||    20
Dodge: Dodged            ||    47
       Rpst.: Long sword ||    28

Table legend:
 A = Spawn XP
 B = Non-spawn XP
 C = Spawn XP percentage of total XP
 D = Spawn monster count
 E = Non-spawn monster count
 F = Spawn count percentage of total count
 G = Total turns spent on level
                    A         B        C        D         E        F      G
               +---------+---------+-------+---------+---------+-------+---------
         Total |       0 |      93 |   0.0 |       0 |      35 |   0.0 |  1057
               +---------+---------+-------+---------+---------+-------+---------
           D:1 |       0 |      43 |   0.0 |       0 |      24 |   0.0 |   818
           D:2 |       0 |      50 |   0.0 |       0 |      11 |   0.0 |   239
               +---------+---------+-------+---------+---------+-------+---------
